| TOP OF THE 1ST |
|
San Diego (APP) Padres batting - Pitching for Johnson City Cardinals : RHP Mario Machado
|
|
Pitching: RHP Mario Machado
|
|
|
Batting: RHB Elias Vences
|
0-0: Ball 1-0: SOLO HOME RUN (Line Drive, 7LD, EV 96.2 MPH), Distance : 375 ft
|
|
Batting: RHB Victor Contreras
|
0-0: Called Strike 0-1: Ball 1-1: Foul Ball, location: 2F 1-2: Strikes out swinging
|
|
Batting: RHB Devon Dill
|
0-0: Called Strike 0-1: Called Strike 0-2: Ball 1-2: Ball 2-2: Strikes out swinging
|
|
Batting: RHB Yuusei Narita
|
0-0: Ball 1-0: Ball 2-0: Foul Ball, location: 2F 2-1: DOUBLE (Line Drive, 8RD, EV 100.6 MPH)
|
|
Batting: LHB Dean Luttman
|
0-0: Swinging Strike 0-1: Ball 1-1: Ball 2-1: Ground out U3 (Groundball, 3, EV 76.9 MPH)
|
| Top of the 1st over - 1 run, 2 hits, 0 errors, 1 left on base; San Diego (APP) 1 - Johnson City 0 |
| BOTTOM OF THE 1ST |
|
Johnson City Cardinals batting - Pitching for San Diego (APP) Padres : RHP Antonio Reyes
|
|
Pitching: RHP Antonio Reyes
|
|
|
Batting: RHB Juan Carrillo
|
0-0: Called Strike 0-1: Swinging Strike 0-2: Strikes out swinging
|
|
Batting: RHB Kyle Burns
|
0-0: Ball 1-0: Called Strike 1-1: Called Strike 1-2: Ball 2-2: Strikes out swinging
|
|
Batting: RHB McGwire Jones
|
0-0: Called Strike 0-1: Ball 1-1: SINGLE (Groundball, 56D, EV 106.2 MPH)
|
|
Batting: LHB Ignacio Ocampo
|
0-0: Called Strike McGwire Jones steals 2nd base 0-1: Ball 1-1: Ball 2-1: Foul Ball, location: 2F 2-2: Strikes out looking
|
| Bottom of the 1st over - 0 runs, 1 hit, 0 errors, 1 left on base; San Diego (APP) 1 - Johnson City 0 |
| TOP OF THE 2ND |
|
San Diego (APP) Padres batting - Pitching for Johnson City Cardinals : RHP Mario Machado
|
|
Batting: LHB Justin Daley
|
0-0: Called Strike 0-1: Ball 1-1: Called Strike 1-2: Ball 2-2: Foul Ball, location: 2F 2-2: Ball 3-2: Fly out, F9 (Flyball, 9D, EV 101.2 MPH)
|
|
Batting: RHB Alex Collazo
|
0-0: Called Strike 0-1: Ground out 6-3 (Groundball, 56, EV 90.0 MPH)
|
|
Batting: LHB Lu-po-teh Zhou
|
0-0: Ball 1-0: Ball 2-0: Ball 3-0: Called Strike 3-1: Swinging Strike 3-2: Ground out 6-3 (Groundball, 6, EV 102.5 MPH)
|
| Top of the 2nd over - 0 runs, 0 hits, 0 errors, 0 left on base; San Diego (APP) 1 - Johnson City 0 |
| BOTTOM OF THE 2ND |
|
Johnson City Cardinals batting - Pitching for San Diego (APP) Padres : RHP Antonio Reyes
|
|
Batting: SHB Justin Towry
|
0-0: Ball 1-0: Called Strike 1-1: Ball 2-1: Ball 3-1: Base on Balls
|
|
Batting: RHB Jonathan Winkler
|
0-0: Fly out, F8 (Flyball, 89D, EV 87.5 MPH)
|
|
Batting: RHB Johnny Lowe
|
0-0: Ball 1-0: Ball 2-0: Ball Wild Pitch! Justin Towry to second 3-0: Called Strike 3-1: Base on Balls
|
|
Batting: RHB Pablo Nunez
|
0-0: Foul Ball, location: 2F 0-1: Ball 1-1: Ball 2-1: Swinging Strike 2-2: Strikes out swinging
|
|
Batting: RHB Geoff Musico
|
0-0: Called Strike 0-1: Called Strike 0-2: Ball 1-2: Ball 2-2: Strikes out swinging
|
| Bottom of the 2nd over - 0 runs, 0 hits, 0 errors, 2 left on base; San Diego (APP) 1 - Johnson City 0 |
| TOP OF THE 3RD |
|
San Diego (APP) Padres batting - Pitching for Johnson City Cardinals : RHP Mario Machado
|
|
Batting: SHB Yu-hsui Lew
|
0-0: Ground out 2-3 (Groundball, 2R, EV 66.2 MPH)
|
|
Batting: RHB Elias Vences
|
0-0: Ball 1-0: Foul Ball, location: 2F 1-1: Foul Ball, location: 2F 1-2: Foul Ball, location: 2F 1-2: DOUBLE (Line Drive, 78M, EV 86.9 MPH)
|
|
Batting: RHB Victor Contreras
|
0-0: Ball 1-0: SINGLE (Line Drive, 34D, EV 99.4 MPH) Elias Vences to third Runner from 3rd tries for Home, SAFE, throw by RF to home
|
|
Batting: RHB Devon Dill
|
0-0: Foul Ball, location: 2F 0-1: Foul Ball, location: 2F 0-2: Ball 1-2: Foul Ball, location: 2F 1-2: Ball 2-2: Foul Ball, location: 2F 2-2: Fly out, F8 (Flyball, 8RM, EV 91.9 MPH)
|
|
Batting: RHB Yuusei Narita
|
0-0: Called Strike 0-1: Foul Ball, location: 2F 0-2: Foul Ball, location: 2F 0-2: Ball 1-2: Ground out 6-3 (Groundball, 6S, EV 85.0 MPH)
|
| Top of the 3rd over - 1 run, 2 hits, 0 errors, 1 left on base; San Diego (APP) 2 - Johnson City 0 |
| BOTTOM OF THE 3RD |
|
Johnson City Cardinals batting - Pitching for San Diego (APP) Padres : RHP Antonio Reyes
|
|
Batting: RHB Juan Carrillo
|
0-0: Ball 1-0: Ball 2-0: Called Strike 2-1: Fly out, F9 (Flyball, 89M, EV 72.5 MPH)
|
|
Batting: RHB Kyle Burns
|
0-0: Ball 1-0: Ball 2-0: Reached on error, E5 (Groundball, 56, EV 103.1 MPH)
|
|
Batting: RHB McGwire Jones
|
0-0: Swinging Strike 0-1: Ball 1-1: Called Strike 1-2: Strikes out swinging
|
|
Batting: LHB Ignacio Ocampo
|
0-0: DOUBLE (Line Drive, 9LM, EV 111.2 MPH) Kyle Burns to third
|
|
Batting: SHB Justin Towry
|
0-0: Ball 1-0: SINGLE (Flyball, 4D, EV 93.1 MPH) Kyle Burns scores Ignacio Ocampo to third Runner from 3rd tries for Home, SAFE, throw by CF to home
|
|
Batting: RHB Jonathan Winkler
|
0-0: Fly out, F7 (Line Drive, 7LM, EV 90.0 MPH)
|
| Bottom of the 3rd over - 2 runs, 2 hits, 1 error, 1 left on base; San Diego (APP) 2 - Johnson City 2 |
| TOP OF THE 4TH |
|
San Diego (APP) Padres batting - Pitching for Johnson City Cardinals : RHP Mario Machado
|
|
Batting: LHB Dean Luttman
|
0-0: Foul Ball, location: 2F 0-1: Foul Ball, location: 2F 0-2: SINGLE (Groundball, 4M, EV 105.6 MPH) (infield hit)
|
|
Batting: LHB Justin Daley
|
0-0: Ball Wild Pitch! Dean Luttman to second 1-0: Called Strike 1-1: Foul Ball, location: 2F 1-2: Ball 2-2: Reached on error, E1 (Groundball, 15S, EV 67.5 MPH) Dean Luttman scores
|
|
Batting: RHB Alex Collazo
|
0-0: Swinging Strike 0-1: Ball 1-1: Called Strike 1-2: Ball 2-2: Fly out, F4 (Popup, 34D, EV 46.9 MPH)
|
|
Batting: LHB Lu-po-teh Zhou
|
0-0: Foul Ball, location: 2F 0-1: Ball 1-1: Ball 2-1: Called Strike 2-2: Foul Ball, location: 2F 2-2: Strikes out looking
|
|
Batting: SHB Yu-hsui Lew
|
0-0: Called Strike 0-1: Ball 1-1: Ground out 2-3 (Groundball, 15S, EV 68.8 MPH)
|
| Top of the 4th over - 1 run, 1 hit, 1 error, 1 left on base; San Diego (APP) 3 - Johnson City 2 |
| BOTTOM OF THE 4TH |
|
Johnson City Cardinals batting - Pitching for San Diego (APP) Padres : RHP Antonio Reyes
|
|
Batting: RHB Johnny Lowe
|
0-0: Swinging Strike 0-1: Ball 1-1: Ground out 6-3 (Groundball, 6, EV 82.5 MPH)
|
|
Batting: RHB Pablo Nunez
|
0-0: Called Strike 0-1: Called Strike 0-2: Ball 1-2: Strikes out swinging
|
|
Batting: RHB Geoff Musico
|
0-0: Ball 1-0: Foul Ball, location: 2F 1-1: Ball 2-1: Ground out 5-3 (Groundball, 5S, EV 90.6 MPH)
|
| Bottom of the 4th over - 0 runs, 0 hits, 0 errors, 0 left on base; San Diego (APP) 3 - Johnson City 2 |
| TOP OF THE 5TH |
|
San Diego (APP) Padres batting - Pitching for Johnson City Cardinals : RHP Mario Machado
|
|
Batting: RHB Elias Vences
|
0-0: Ball 1-0: Ball 2-0: Called Strike 2-1: Called Strike 2-2: SINGLE (Groundball, 6S, EV 72.5 MPH) (infield hit)
|
|
Pitching: RHP Steve Holmes
|
|
|
Batting: RHB Victor Contreras
|
0-0: Foul Ball, location: 2F 0-1: Foul Ball, location: 2F 0-2: Ball 1-2: Foul Ball, location: 2F 1-2: Strikes out swinging
|
|
Batting: RHB Devon Dill
|
0-0: Called Strike 0-1: Ball 1-1: Ball 2-1: Swinging Strike 2-2: Ball Elias Vences steals 2nd base 3-2: 2-RUN HOME RUN (Flyball, 78XD, EV 101.2 MPH), Distance : 409 ft
|
|
Batting: RHB Yuusei Narita
|
0-0: Foul Ball, location: 2F 0-1: Swinging Strike 0-2: Strikes out looking
|
|
Batting: LHB Dean Luttman
|
0-0: Ball 1-0: Swinging Strike 1-1: Called Strike 1-2: Strikes out swinging
|
| Top of the 5th over - 2 runs, 2 hits, 0 errors, 0 left on base; San Diego (APP) 5 - Johnson City 2 |
| BOTTOM OF THE 5TH |
|
Johnson City Cardinals batting - Pitching for San Diego (APP) Padres : RHP Antonio Reyes
|
|
Batting: RHB Juan Carrillo
|
0-0: Ground out 6-3 (Groundball, 6, EV 101.2 MPH)
|
|
Batting: RHB Kyle Burns
|
0-0: Swinging Strike 0-1: Ball 1-1: Swinging Strike 1-2: Strikes out looking
|
|
Batting: RHB McGwire Jones
|
0-0: Ball 1-0: Ball 2-0: Swinging Strike 2-1: Called Strike 2-2: Foul Ball, location: 2F 2-2: Strikes out looking
|
| Bottom of the 5th over - 0 runs, 0 hits, 0 errors, 0 left on base; San Diego (APP) 5 - Johnson City 2 |
| TOP OF THE 6TH |
|
San Diego (APP) Padres batting - Pitching for Johnson City Cardinals : RHP Steve Holmes
|
|
Batting: LHB Justin Daley
|
0-0: Ball 1-0: Called Strike 1-1: Ball 2-1: Foul Ball, location: 2F 2-2: Ball 3-2: Foul Ball, location: 2F 3-2: Foul Ball, location: 2F 3-2: Foul Ball, location: 2F 3-2: Strikes out swinging
|
|
Batting: RHB Alex Collazo
|
0-0: Foul Ball, location: 2F 0-1: Ball 1-1: Ball 2-1: Swinging Strike 2-2: Strikes out swinging
|
|
Batting: LHB Lu-po-teh Zhou
|
0-0: Ground out 5-3 (Groundball, 56S, EV 93.8 MPH)
|
| Top of the 6th over - 0 runs, 0 hits, 0 errors, 0 left on base; San Diego (APP) 5 - Johnson City 2 |
| BOTTOM OF THE 6TH |
|
Johnson City Cardinals batting - Pitching for San Diego (APP) Padres : RHP Antonio Reyes
|
|
Batting: LHB Ignacio Ocampo
|
0-0: Fly out, F8 (Flyball, 8RXD, EV 96.2 MPH)
|
|
Batting: SHB Justin Towry
|
0-0: Called Strike 0-1: Reached on error, E6 (Groundball, 4, EV 103.8 MPH)
|
|
Batting: RHB Jonathan Winkler
|
0-0: Swinging Strike 0-1: Ball 1-1: Ball 2-1: Called Strike 2-2: Foul Ball, location: 2F 2-2: Foul Ball, location: 2F 2-2: Ball 3-2: Foul Ball, location: 2F 3-2: Strikes out swinging
|
|
Batting: RHB Johnny Lowe
|
0-0: Ball 1-0: Ball 2-0: Fly out, F9 (Flyball, 9S, EV 80.0 MPH)
|
| Bottom of the 6th over - 0 runs, 0 hits, 1 error, 1 left on base; San Diego (APP) 5 - Johnson City 2 |
| TOP OF THE 7TH |
|
San Diego (APP) Padres batting - Pitching for Johnson City Cardinals : RHP Steve Holmes
|
|
Batting: SHB Yu-hsui Lew
|
0-0: Called Strike 0-1: Ball 1-1: Foul Ball, location: 2F 1-2: Strikes out swinging
|
|
Batting: RHB Elias Vences
|
0-0: Foul Ball, location: 2F 0-1: Swinging Strike 0-2: Ball 1-2: SINGLE (Flyball, 8LS, EV 93.1 MPH)
|
|
Batting: RHB Victor Contreras
|
0-0: Ball 1-0: Ball 2-0: Called Strike 2-1: SINGLE (Flyball, 3D, EV 93.8 MPH) Elias Vences to second
|
|
Pitching: RHP Ricky Enriquez
|
|
|
Batting: RHB Devon Dill
|
0-0: Ball 1-0: Ball 2-0: Called Strike 2-1: Foul Ball, location: 2F 2-2: Foul Ball, location: 2F 2-2: Fly out, F7 (Line Drive, 7S, EV 100.6 MPH)
|
|
Batting: RHB Yuusei Narita
|
0-0: Called Strike 0-1: Ball 1-1: Foul Ball, location: 2F 1-2: Ball 2-2: Fielders Choice at 2nd, 5-4 (Groundball, 56, EV 79.4 MPH)
|
| Top of the 7th over - 0 runs, 2 hits, 0 errors, 2 left on base; San Diego (APP) 5 - Johnson City 2 |
| BOTTOM OF THE 7TH |
|
Johnson City Cardinals batting - Pitching for San Diego (APP) Padres : RHP Antonio Reyes
|
|
Batting: RHB Pablo Nunez
|
0-0: Called Strike 0-1: Foul Ball, location: 2F 0-2: Ball 1-2: Strikes out swinging
|
|
Batting: RHB Geoff Musico
|
0-0: Ball 1-0: Ground out 6-3 (Groundball, 6, EV 86.2 MPH)
|
|
Batting: RHB Juan Carrillo
|
0-0: Swinging Strike 0-1: Ball 1-1: Foul Ball, location: 2F 1-2: Strikes out looking
|
| Bottom of the 7th over - 0 runs, 0 hits, 0 errors, 0 left on base; San Diego (APP) 5 - Johnson City 2 |
| TOP OF THE 8TH |
|
San Diego (APP) Padres batting - Pitching for Johnson City Cardinals : RHP Ricky Enriquez
|
|
Batting: LHB Dean Luttman
|
0-0: Ball 1-0: Called Strike 1-1: Swinging Strike 1-2: Foul Ball, location: 2F 1-2: Ground out 4-3 (Groundball, 4, EV 85.6 MPH)
|
|
Batting: LHB Justin Daley
|
0-0: Called Strike 0-1: Ball 1-1: Foul Ball, location: 2F 1-2: Ball 2-2: Foul Ball, location: 2F 2-2: Ball 3-2: Foul Ball, location: 2F 3-2: Foul Ball, location: 2F 3-2: Foul Ball, location: 2F 3-2: Foul Ball, location: 2F 3-2: Base on Balls
|
|
Batting: RHB Alex Collazo
|
0-0: Called Strike 0-1: Ball 1-1: Called Strike 1-2: Ball 2-2: Foul Ball, location: 2F 2-2: Grounds into double play, 6-4-3 (Groundball, 6M, EV 99.4 MPH)
|
| Top of the 8th over - 0 runs, 0 hits, 0 errors, 0 left on base; San Diego (APP) 5 - Johnson City 2 |
| BOTTOM OF THE 8TH |
|
Johnson City Cardinals batting - Pitching for San Diego (APP) Padres : RHP Antonio Reyes
|
|
Pitching: RHP Eric Busby
|
|
|
Batting: RHB Kyle Burns
|
0-0: Ball 1-0: Called Strike 1-1: Ball 2-1: Ball 3-1: Ground out U3 (Groundball, 3L, EV 107.5 MPH)
|
|
Batting: RHB McGwire Jones
|
0-0: Ball 1-0: Ball 2-0: SINGLE (Groundball, 4MS, EV 69.4 MPH) (infield hit)
|
|
Batting: LHB Ignacio Ocampo
|
0-0: Ball 1-0: 2-RUN HOME RUN (Flyball, 89XD, EV 106.9 MPH), Distance : 454 ft
|
|
Batting: SHB Justin Towry
|
0-0: Ball 1-0: Ball 2-0: Foul Ball, location: 2F 2-1: Swinging Strike 2-2: Foul Ball, location: 2F 2-2: Ball 3-2: Strikes out looking
|
|
Pinch Hitting: LHB Mike East
|
0-0: Ball 1-0: Called Strike 1-1: Ball 2-1: Ball 3-1: Base on Balls
|
|
Batting: RHB Johnny Lowe
|
0-0: Called Strike 0-1: Ball 1-1: SINGLE (Flyball, 6D, EV 86.2 MPH) Mike East to second
|
|
Batting: RHB Pablo Nunez
|
0-0: Swinging Strike 0-1: Ball 1-1: Ball 2-1: Foul Ball, location: 2F 2-2: Ball 3-2: Foul Ball, location: 2F 3-2: Fly out, F4 (Popup, 34, EV 81.2 MPH)
|
| Bottom of the 8th over - 2 runs, 3 hits, 0 errors, 2 left on base; San Diego (APP) 5 - Johnson City 4 |
| TOP OF THE 9TH |
|
San Diego (APP) Padres batting - Pitching for Johnson City Cardinals : RHP Ricky Enriquez
|
|
Now in RF: Mike East
|
|
|
Batting: LHB Lu-po-teh Zhou
|
0-0: Called Strike 0-1: Swinging Strike 0-2: Strikes out swinging
|
|
Batting: SHB Yu-hsui Lew
|
0-0: Called Strike 0-1: Ground out U3 (Groundball, 34, EV 86.9 MPH)
|
|
Batting: RHB Elias Vences
|
0-0: Ball 1-0: Called Strike 1-1: Ball 2-1: Swinging Strike 2-2: Ball 3-2: Foul Ball, location: 2F 3-2: Base on Balls
|
|
Batting: RHB Victor Contreras
|
0-0: Ball Elias Vences steals 2nd base 1-0: Ball 2-0: Called Strike 2-1: Ball 3-1: Ground out 5-3 (Groundball, 56, EV 84.4 MPH)
|
| Top of the 9th over - 0 runs, 0 hits, 0 errors, 1 left on base; San Diego (APP) 5 - Johnson City 4 |
| BOTTOM OF THE 9TH |
|
Johnson City Cardinals batting - Pitching for San Diego (APP) Padres : RHP Eric Busby
|
|
Pitching: LHP Manny Santiago
|
|
|
Now at 1B: Ricardo Ortiz
|
|
|
Batting: RHB Geoff Musico
|
0-0: Ball 1-0: Ball 2-0: Called Strike 2-1: Swinging Strike 2-2: Strikes out swinging
|
|
Batting: RHB Juan Carrillo
|
0-0: Called Strike 0-1: Ball 1-1: Called Strike 1-2: Strikes out looking
|
|
Batting: RHB Kyle Burns
|
0-0: Called Strike 0-1: Foul Ball, location: 2F 0-2: Ball 1-2: Ball 2-2: Strikes out looking
|
| Bottom of the 9th over - 0 runs, 0 hits, 0 errors, 0 left on base; San Diego (APP) 5 - Johnson City 4 |
|